 Dungeon Crawl Stone Soup version 0.26-a0-672-g1df16c3386 (webtiles) character file.

Game seed: 6565357978176211268

18 strifetoe the Chopper (level 2, 0/27 HPs)
             Began as a Palentonga Fighter on Oct 20, 2020.
             Slain by an adder (1 damage)
             ... on level 2 of the Dungeon.
             The game lasted 00:00:47 (120 turns).

strifetoe the Chopper (Palentonga Fighter)           Turns: 120, Time: 00:00:48

Health: 0/27       AC:  6    Str: 19    XL:     2   Next: 48%
Magic:  2/2        EV:  5    Int:  8    God:
Gold:   19         SH:  8    Dex:  9    Spells: 1/1 levels left

rFire    . . .     SeeInvis +   a - +0 war axe
rCold    . . .     Faith    .   c - +0 kite shield
rNeg     . . .     Spirit   .   b - +0 scale mail
rPois    .         Reflect  .   (no helmet)
rElec    .         Harm     .   (no cloak)
rCorr    .         Rampage  .   (no gloves)
MR       .....                  (no barding)
Stlth    ..........             (no amulet)
HPRegen  0.09/turn              (no ring)
MPRegen  0.08/turn              (no ring)

@: mighty, stab
A: large, rugged brown scales 3, see invisible, deformed body, roll, armoured
tail
a: Rolling Charge


You were on level 2 of the Dungeon.
You visited 1 branch of the dungeon, and saw 2 of its levels.

You collected 19 gold pieces.

Inventory:

Hand Weapons
 a - a +0 war axe (weapon)
Armour
 b - a +0 scale mail (worn)
 c - a +0 kite shield (worn)


   Skills:
 - Level 3.0 Fighting
 + Level 3.1 Axes
 - Level 2.4 Armour
 - Level 2.4 Shields


You had one spell level left.
You didn't know any spells.
Your spell library was empty.

Dungeon Overview and Level Annotations

Branches:
Dungeon (1/15)

Altars:


Innate Abilities, Weirdness & Mutations

You are completely covered in rugged brown scales. (AC +3, +7% HP)
You have supernaturally acute eyesight. (SInv)
Armour fits poorly on your strangely shaped body.
You can roll at foes to attack.
You have a long armoured tail.


Message History

Unknown command.
Found 18 gold pieces.
You see here 18 gold pieces.
A rat comes into view.
An adder comes into view.
The adder hisses angrily.
The adder bites you but does no damage. The rat bites you but does no damage.
The adder barely misses you. The adder bites you but does no damage.
The adder bites you but does no damage.
A kobold comes into view.
Found a hand axe.
You block the adder's attack. The adder bites you.
* * * LOW HITPOINT WARNING * * *
The adder bites you.
* * * LOW HITPOINT WARNING * * *
You feel very mighty all of a sudden. The adder bites you.
You die...

.......#....#......##
.........##..g...#..##### #
.......g####.#.####..g$.# ..
........# #...# #####.#...
........# ###..# ####.....
..#....l# ####....##g.).....
##......###....##.##)####...
#..##.Kr.#.#####....####...
#.. ####.#@# ###......#.. #.
#.S.# ##.....#.. .
###.########........
#.##.....†).......
#....#...###..#.#. #......#.
..#.# ...... g. ..# #
.....#... ... ..#..##. .##


You could see an adder.

Vanquished Creatures
  An adder (D:2)
  3 bats (D:2)
  A giant cockroach (D:2)
  A hobgoblin (D:2)
  2 goblins (D:2)
  A kobold (D:2)
9 creatures vanquished.

Notes
Turn   | Place    | Note
-------+----------+-------------------------------------------
     0 | D:1      | strifetoe the Palentonga Fighter began the quest for the
                  | Orb.
     0 | D:1      | Reached XP level 1. HP: 20/20 MP: 1/1
    40 | D:1      | You fall into a shaft and drop 1 floor!
    57 | D:2      | Reached XP level 2. HP: 3/27 MP: 2/2
   118 | D:2      | HP: 1/27 [adder (3)]
   120 | D:2      | Slain by an adder

Illustrated notes

Levels and vault maps discovered:
D:1:      minmay_arrival_five_plusses, layout_loops_corners, minmay_3d_cube
D:2:      layout_rooms, kennysheep_cluttered_room, minmay_misc_feat_nine_boxes,
          minivault_24, uniq_terence, uniq_robin, uniq_sigmund

Skill      XL: |  1  2 |
---------------+-------+-----
Axes           | 3 |  3.1
Fighting       | |  3.0
Armour         | |  2.4
Shields        | |  2.4

Action                   || total
-------------------------++-------
Melee: War axe           ||    32
       Tailslap          ||     1
  Use: Potion            ||     2
Armor: Scale mail        ||    36
Dodge: Dodged            ||    24
Block: Kite shield       ||    27

Table legend: (Time is in decaauts)
 A = Elapsed time spent in this place.
 B = Non-inter-level travel time spent in this place.
 C = Inter-level travel time spent in this place.
 D = Time resting spent in this place.
 E = Time spent auto-exploring this place.
 F = Levels seen in this place.
 G = Mean time per level.
                   A        B        C        D        E       F      G
               +--------+--------+--------+--------+--------+-----+--------+
         Total |    134 |    134 |      0 |      0 |     40 |   2 |   67.0 |
       Dungeon |    134 |    134 |      0 |      0 |     40 |   2 |   67.0 |
               +--------+--------+--------+--------+--------+-----+--------+

Top non-repeatable levels by time:
     D:2: 94 daAuts
     D:1: 40 daAuts
